 Dungeon Crawl Stone Soup version 0.27.1-2-g3b301248ec (webtiles) character file.

Game seed: 10045363026192382235

100 DoubleLucky the Caller (level 4, 0/24 HPs)
             Began as a Tengu Summoner on Sept 26, 2021.
             Slain by an adder (3 damage)
             ... on level 4 of the Dungeon.
             The game lasted 00:14:47 (4099 turns).

DoubleLucky the Caller (Tengu Summoner)             Turns: 4099, Time: 00:14:47

Health: 0/24       AC:  3    Str: 10    XL:     4   Next: 73%
Magic:  5/9        EV: 12    Int: 15    God:
Gold:   104        SH:  0    Dex: 14    Spells: 3/9 levels left

rFire    . . .     SeeInvis .   b - +0 spear
rCold    . . .     Faith    .   (no shield)
rNeg     . . .     Spirit   .   n - +0 leather armour
rPois    .         Reflect  .   (helmet restricted)
rElec    .         Harm     .   (no cloak)
rCorr    .         Rampage  .   (no gloves)
Will     .....                  (boots unavailable)
Stlth    ++........             (no amulet)
HPRegen  0.08/turn              (no ring)
MPRegen  0.11/turn              (no ring)

@: no status effects
A: beak, talons 3
a: no special abilities


You were on level 4 of the Dungeon.
You visited 1 branch of the dungeon, and saw 4 of its levels.

You collected 126 gold pieces.
You spent 22 gold pieces at shops.

Inventory:

Hand Weapons
 b - a +0 spear (weapon)
 j - a +0 trident
Missiles
 c - 99 stones
 g - 5 datura-tipped darts
Armour
 a - a +0 robe
 n - a +0 leather armour (worn)
Scrolls
 d - a scroll of enchant armour {unknown}
 e - a scroll of immolation {unknown}
 l - a scroll of fear {unknown}
 o - 2 scrolls of amnesia {unknown}
 q - a scroll of torment {unknown}
Potions
 f - 3 potions of heal wounds
 h - a potion of attraction {unknown}
 i - a potion of ambrosia {unknown}
 k - a potion of magic {unknown}
 m - a potion of brilliance {unknown}
 p - a potion of curing {unknown}


   Skills:
 - Level 2.0 Polearms
 - Level 2.1 Dodging
 - Level 2.0 Stealth
 + Level 3.0 Spellcasting
 - Level 6.0 Summonings


You had 3 spell levels left.
You knew the following spells:

 Your Spells              Type           Power      Damage    Failure   Level
a - Summon Small Mammal   Summ           80%        N/A       2%          1
b - Call Imp              Summ           20%        N/A       3%          2
c - Call Canine Familiar  Summ           20%        N/A       7%          3

Your spell library contained the following spells:

 Spells                   Type           Power      Damage    Failure   Level
 Summon Guardian Golem    Hex/Summ       11%        N/A       24%         3
 Summon Lightning Spire   Summ/Air       11%        N/A       61%         4


Dungeon Overview and Level Annotations

Branches:
Dungeon (4/15)             Temple (0/1) D:4

Altars:

Shops:
D:1 [[*!


Innate Abilities, Weirdness & Mutations

You have a beak for a mouth.
You have claws for feet.


Message History

Your crimson imp barely misses the orc priest.
Your white imp barely misses the adder skeleton.
The scorpion completely misses your crimson imp.
The adder skeleton bites your crimson imp but does no damage.
What are your orders? t - Shout!
Orders for allies: a - Attack new target. p - Attack previous target. r - Retreat! s - Stop attacking. g - Guard the area. f - Follow me.
Anything else - Cancel.
Gang up on whom?
Press: ? - help, Dir - move target, f/p - orc priest
Aim: an orc priest, wielding a +0 hand axe and wearing a +0 leather armour (heavily wounded, ally target) Attack!
The adder bites you but does no damage.
The scorpion stings your crimson imp but does no damage.
Your white imp hits the orc priest.
Your white imp freezes the orc priest.
The adder skeleton bites your crimson imp but does no damage.
Your crimson imp hits the adder skeleton.
Your iron imp closely misses the orc priest.
What are your orders? t - Shout!
Orders for allies: a - Attack new target. p - Attack previous target. r - Retreat! s - Stop attacking. g - Guard the area. f - Follow me.
Anything else - Cancel.
Gang up on whom?
Press: ? - help, Dir - move target, f - adder, p - orc priest
Aim: an adder (severely wounded) Attack!
The adder bites you.
* * * LOW HITPOINT WARNING * * *
The orc priest hits your iron imp with a +0 hand axe!
Your iron imp dies!
The orc priest barely misses your white imp.
The scorpion barely misses your crimson imp.
Your crimson imp hits the adder skeleton.
Your white imp gestures at the adder.
The puff of frost hits the orc priest.
The orc priest dies!
The adder bites you.
You die...

#.# #.# #.#
#.# # #.#
#####.#.#
>....5#.#####
...s5Z).(S@>#
....Z.#.###.#
####. #.###.#
# #.#...#
#.#...#
#.#...#
#.#...#
#.#...# #.#
.# ..#.#...#


You could see a scorpion, an adder (ally target), 2 adder skeletons, a friendly
crimson imp (summoned) and a friendly white imp (summoned).

Vanquished Creatures
  An adder (D:2)
  An adder skeleton (D:4)
  An orc (D:3)
  2 ball pythons
  2 endoplasms
  5 hobgoblins
  A quokka (D:1)
  4 bats (D:2)
  2 frilled lizards
  A goblin (D:1)
  3 kobolds
  4 rats
27 creatures vanquished.

Vanquished Creatures (collateral kills)
  2 orc priests
  Jessica (D:2)
  An adder (D:3)
  2 worms
  A dart slug (D:1)
  5 orcs (D:3)
  2 endoplasms
  2 giant cockroaches (D:1)
  4 goblins
  3 hobgoblins
  2 jackals (D:1)
  A quokka (D:4)
  3 ball pythons
  A frilled lizard (D:1)
  A kobold (D:3)
  A quokka skeleton (D:4)
  A rat (D:2)
33 creatures vanquished.

Vanquished Creatures (others)
  6 plants (D:2)
6 creatures vanquished.

Grand Total: 66 creatures vanquished

Notes
Turn   | Place    | Note
-------+----------+-------------------------------------------
     0 | D:1      | DoubleLucky the Tengu Summoner began the quest for the Orb.
     0 | D:1      | Reached XP level 1. HP: 10/10 MP: 4/4
    82 | D:1      | Reached skill level 5 in Summonings
   243 | D:1      | Found Urodeh's Armour Emporium.
   368 | D:1      | Reached XP level 2. HP: 15/15 MP: 4/6
   617 | D:1      | Found Zoovoth's Distillery.
   817 | D:1      | Found Hion's General Store.
   839 | D:1      | Bought a scroll of identify for 22 gold pieces
  1119 | D:1      | Found Errais's Armour Shop.
  1397 | D:2      | Reached XP level 3. HP: 14/19 MP: 7/7
  1418 | D:2      | Learned a level 2 spell: Call Imp
  1422 | D:2      | Learned a level 3 spell: Call Canine Familiar
  1509 | D:2      | Reached skill level 6 in Summonings
  1620 | D:2      | Noticed Jessica
  1627 | D:2      | Killed Jessica
  1628 | D:2      | Reached skill level 1 in Polearms
  2140 | D:2      | Found a faded altar of an unknown god.
  2547 | D:3      | Reached XP level 4. HP: 24/24 MP: 5/8
  4081 | D:4      | Found a staircase to the Ecumenical Temple.
  4092 | D:4      | Noticed a scorpion
  4099 | D:4      | Slain by an adder

Illustrated notes

Levels and vault maps discovered:
D:1:      elethiomel_arrival_shortcut, layout_loops_corners, serial_shops,
          nicolae_square_shop, shop_statue, nicolae_shop_statue_plus, shop
D:2:      wad_lake_hut, layout_basic, ebering_ecumenical_altar_petrified,
          uniq_jessica
D:3:      layout_loops_ring
D:4:      layout_basic, minmay_temple_entry_proselytizer, serial_shops, shop

Skill      XL: |  1  2  3  4 |
---------------+-------------+-----
Summonings     | 5 6 |  6.0
Polearms       | 1 2 |  2.0
Spellcasting   | 3 |  3.0
Dodging        | |  2.1
Stealth        | |  2.0

Action                   |  1- 3 |  4- 6 || total
-------------------------+-------+-------++-------
Melee: Spear             |    88 |    39 ||   127
       Kick              |    11 |     1 ||    12
       Peck              |     5 |     1 ||     6
 Cast: Summon Small Mamm |    28 |     3 ||    31
       Call Imp          |     6 |    12 ||    18
       Call Canine Famil |     1 |     1 ||     2
  Use: Scroll            |     3 |       ||     3
 Stab: Sleeping          |     2 |     2 ||     4
       Distracted        |     1 |     1 ||     2
Armor: Robe              |    15 |       ||    15
       Leather armour    |       |     1 ||     1
Dodge: Dodged            |    30 |    13 ||    43
